 Dungeon Crawl Stone Soup version 0.27-a0-1065-ge809cff456 (webtiles) character file.

Game seed: 15228981169098092275

639 wakim the Magician (level 7, -11/79 HPs)
             Began as a Djinni Conjurer on Apr 23, 2021.
             Mangled by a shadow (23 damage)
             ... on level 5 of the Dungeon.
             The game lasted 00:12:27 (5205 turns).

wakim the Magician (Djinni Conjurer)                Turns: 5205, Time: 00:12:27

Health: -11/79     AC: 23    Str:  6    XL:     7   Next: 50%
Gold:   182        EV:  2    Int: 22    God:
                   SH:  0    Dex: 11

rFire    . . .     SeeInvis .   a - +2 mace (holy)
rCold    . . .     Faith    .   (no shield)
rNeg     + + +     Spirit   .   (armour currently unavailable)
rPois    ∞         Reflect  .   (helmet currently unavailable)
rElec    .         Harm     .   (cloak currently unavailable)
rCorr    .         Rampage  .   (gloves currently unavailable)
Will     .....     NoTele   +   (boots unavailable)
Stlth    ++........             (no amulet)
HPRegen  0.23/turn              m - ring of positive energy
MPRegen  0.00/turn              (no ring)

@: tree-form, very slightly contaminated
A: stationary, stasis, torment immunity, boosted hp, (fire resistance 2), (cold
vulnerability 1), float, innate caster, hp casting, extra vitality 1
a: no special abilities


You were on level 5 of the Dungeon.
You were a tree.
You visited 1 branch of the dungeon, and saw 5 of its levels.

You collected 182 gold pieces.

Inventory:

Hand Weapons
 a - a +2 mace of holy wrath (weapon)
 d - a +2 dagger of venom
Missiles
 g - a throwing net {=f!f}
Armour
 c - a +1 robe (melded)
 f - a +2 pair of gloves (melded)
 k - a +0 helmet
Jewellery
 m - a ring of positive energy (left branch)
Wands
 v - a wand of flame (58)
Scrolls
 b - 2 scrolls of enchant armour
 T - a scroll of teleportation
 U - 2 scrolls of fear
 Y - a scroll of blinking {!r}
Potions
 e - a potion of cancellation {unknown}
 h - 2 potions of might {unknown}
 i - 3 potions of attraction {unknown}
 j - a potion of curing {unknown}
 l - 2 potions of mutation {unknown}
 A - 2 potions of ambrosia
 L - 2 potions of lignification {!q}


   Skills:
 * Level 4.7 Fighting
 + Level 4.3 Dodging
 - Level 1.5 Stealth
 * Level 5.5 Spellcasting


You couldn't memorise any spells.
You knew the following spells:

 Your Spells              Type           Power      Damage    Failure   Level
a - Magic Dart            Conj           100%       1d8       1%          1
b - Dazzling Flash        Conj/Hex       60%        N/A       3%          3
c - Sandblast             Erth           60%        2d14      1%          1
d - Static Discharge      Conj/Air       30%        N/A       1%          2
e - Ozocubu's Armour      Ice            30%        N/A       3%          3
s - Searing Ray           Conj           60%        3d5       1%          2
x - Iskenderun's Mystic   Conj/Tloc      30%        2d8       10%         4
z - Fulminant Prism       Conj/Hex       15%        3d11      10%         4
Your spell library was empty.

Dungeon Overview and Level Annotations

Branches:
Dungeon (4/15)
 Temple: D:4-7

Altars:

Shops:
D:4 ?


Innate Abilities, Weirdness & Mutations

You are a tree.
Your roots penetrate the ground, keeping you stationary.
You cannot be teleported.
You are immune to unholy pain and torment.
Your maximum health is greatly increased.
Your equipment is partially melded.
You are immune to poison.
((Your flesh is very heat resistant. (rF++)))
((You are vulnerable to cold. (rC-)))
You float through the air rather than walking.
You learn spells naturally, not from books.
Your magical power is your life essence.
You have superior vitality. (+4 HP)


Message History

You miscast Iskenderun's Mystic Blast.
You are very lightly contaminated with residual magic.
Nothing appears to happen.
* * * LOW HITPOINT WARNING * * *
The shadow closely misses you.
Okay, then.
Casting: Iskenderun's Mystic Blast (dangerous; 10% risk of failure)
Confirm with . or Enter, or press ? or * to list all spells.
Okay, then.
Really quaff
L - 3 potions of lignification {!q}?
Really quaff the potion of lignification?
Okay, then.
Really quaff
L - 3 potions of lignification {!q}?
Really quaff the potion of lignification?
You turn into a tree.
Your +2 pair of gloves melds into your body.
Your +1 robe melds into your body.
Your roots penetrate the ground.
The shadow hits you.
Casting: Iskenderun's Mystic Blast (dangerous; 10% risk of failure)
Confirm with . or Enter, or press ? or * to list all spells.
You erupt in a blast of force!
The mystic blast hits the shadow.
The shadow is moderately damaged.
The shadow is knocked back by the mystic blast.
* * * LOW HITPOINT WARNING * * *
Casting: Iskenderun's Mystic Blast (dangerous; 10% risk of failure)
Confirm with . or Enter, or press ? or * to list all spells.
Aiming: Searing Ray (safe; 1% risk of failure)
Press: ? - help, Shift-Dir - straight line, f/p - shadow
Aim: a shadow (moderately damaged, 79% to hit)
The searing ray misses the shadow. (Press . to maintain the ray.)
* * * LOW HITPOINT WARNING * * *
The shadow slips into darkness.
The shadow flickers and vanishes!
Deactivating autopickup; reactivate with Ctrl-A.
* * * LOW HITPOINT WARNING * * *
The searing ray hits something!
* * * LOW HITPOINT WARNING * * *
The shadow strikes at you from the darkness!
You die...

.....$ .....
. ....$..
.......
###+##.......
#......#.....
#....?...##+#
+......!.....
#.♣....####.#
#)..........
#........###
#........#
#####....#
#....# #....#
....+ ....#


There were no monsters in sight!

Vanquished Creatures
  Sigmund (D:3)
  A bullfrog skeleton (D:4)
  2 gnoll shamans
  Ijyb (D:4)
  An orc wizard (D:3)
  Natasha (thrice) (D:2)
  A howler monkey zombie (D:5)
  Robin (D:4)
  7 adders
  8 gnolls
  An adder zombie (D:4)
  An adder skeleton (D:4)
  2 worms
  A dart slug (D:2)
  7 orcs
  3 ball pythons
  8 bats
  2 endoplasms (D:4)
  4 giant cockroaches
  16 goblins
  8 hobgoblins
  6 jackals
  6 quokkas
  4 frilled lizards
  7 kobolds
  A quokka skeleton (D:4)
  6 rats
109 creatures vanquished.

Vanquished Creatures (others)
  5 fulminant prisms
5 creatures vanquished.

Grand Total: 114 creatures vanquished

Notes
Turn   | Place    | Note
-------+----------+-------------------------------------------
     0 | D:1      | wakim the Djinni Conjurer began the quest for the Orb.
     0 | D:1      | Reached XP level 1. HP: 15/15 MP: 0/0
   145 | D:1      | Reached XP level 2. HP: 16/22 MP: 0/0
   338 | D:1      | Reached skill level 1 in Fighting
  1114 | D:1      | Reached XP level 3. HP: 26/27 MP: 0/0
  1114 | D:1      | Learned a level 1 spell: Sandblast
  1216 | D:2      | Reached skill level 4 in Spellcasting
  1398 | D:2      | Reached XP level 4. HP: 17/33 MP: 0/0
  2140 | D:2      | Noticed Natasha
  2144 | D:2      | Killed Natasha
  2145 | D:2      | Reached XP level 5. HP: 34/39 MP: 0/0
  2145 | D:2      | Learned a level 2 spell: Static Discharge
  2488 | D:2      | Noticed Natasha
  2503 | D:2      | Killed Natasha
  2612 | D:2      | Noticed Natasha
  2621 | D:2      | Killed Natasha
  3135 | D:3      | Reached XP level 6. HP: 42/46 MP: 0/0
  3373 | D:3      | Noticed Sigmund
  3387 | D:3      | Killed Sigmund
  3388 | D:3      | Reached skill level 5 in Spellcasting
  3679 | D:3      | Found a faded altar of an unknown god.
  3977 | D:3      | Reached XP level 7. HP: 49/52 MP: 0/0
  3977 | D:3      | Learned a level 3 spell: Ozocubu's Armour
  4192 | D:4      | Noticed Robin
  4195 | D:4      | Killed Robin
  4856 | D:4      | Noticed Ijyb
  4867 | D:4      | Killed Ijyb
  5114 | D:4      | Found Asac Kiuk's Magic Scroll Shoppe.
  5180 | D:4      | You are sucked into a shaft and drop 1 floor!
  5180 | D:5      | Entered Level 5 of the Dungeon
  5193 | D:5      | Noticed a shadow
  5205 | D:5      | Mangled by a shadow

Illustrated notes

Levels and vault maps discovered:
D:1:      minmay_arrival_open_corners, layout_basic, grunt_decor_one_mirror
D:2:      layout_loops_ring, uniq_natasha
D:3:      minmay_diamond_boxcup, layout_basic,
          ebering_ecumenical_altar_sacrificial, bh_walls_and_bars, uniq_sigmund
D:4:      layout_loops_ring, kennysheep_windowed_goal, uniq_robin, uniq_ijyb
D:5:      layout_basic, minmay_temple_entry_hall

Skill      XL: |  1  2  3  4  5  6  7 |
---------------+----------------------+-----
Fighting       | 1 2 3 4 |  4.7
Spellcasting   | 4 5 |  5.5
Dodging        | 3 4 |  4.3
Stealth        | |  1.5

Action                   |  1- 3 |  4- 6 |  7- 9 || total
-------------------------+-------+-------+-------++-------
Melee: Mace              |    10 |     1 |       ||    11
 Cast: Magic Dart        |    28 |    43 |    22 ||    93
       Searing Ray       |    10 |    20 |    17 ||    47
       Iskenderun's Myst |       |     1 |     9 ||    10
       Fulminant Prism   |       |     2 |     3 ||     5
  Use: Scroll            |       |     9 |     2 ||    11
       Potion            |       |       |     1 ||     1
Armor: Robe              |     6 |     5 |     2 ||    13
       Skin              |       |       |     1 ||     1
Dodge: Dodged            |    24 |     5 |    17 ||    46

Table legend: (Time is in decaauts)
 A = Elapsed time spent in this place.
 B = Non-inter-level travel time spent in this place.
 C = Inter-level travel time spent in this place.
 D = Time resting spent in this place.
 E = Time spent auto-exploring this place.
 F = Levels seen in this place.
 G = Mean time per level.
                   A        B        C        D        E       F      G
               +--------+--------+--------+--------+--------+-----+--------+
         Total |   5228 |   5089 |    139 |    815 |   3746 |   5 | 1045.6 |
       Dungeon |   5228 |   5089 |    139 |    815 |   3746 |   5 | 1045.6 |
               +--------+--------+--------+--------+--------+-----+--------+

Top non-repeatable levels by time:
     D:1: 1725 daAuts
     D:3: 1636 daAuts
     D:2: 1128 daAuts
     D:4: 713 daAuts
     D:5: 24 daAuts
